 Dungeon Crawl Stone Soup version 0.15.2 (webtiles) character file.

257030 kae the Imperceptible (level 19, -9/100 HPs)
             Began as a Spriggan Enchanter on Nov 4, 2014.
             Was the Champion of Dithmenos.
             Mangled by a vault warden
             ... wielding a +0 great sword
              (43 damage)
             ... on Level 3 of the Vaults on Nov 8, 2014.
             The game lasted 02:49:51 (63582 turns).

kae the Imperceptible (Spriggan Enchanter)         Turns: 63582, Time: 02:49:51

HP  -9/100       AC  3     Str 12      XL: 19   Next: 47%
MP  30/40        EV 34     Int 18      God: Dithmenos [******]
Gold 3939        SH  0     Dex 23      Spells:  4 memorised, 30 levels left

rFire  . . .     SeeInvis +     a - +2 dagger (speed)
rCold  . . .     Clarity  +     D - -1 robe of Coxeu {Str+5 Dex+3}
rNeg   + . .     rCorr    .     (shield restricted)
rPois  +         rRot     .     I - +1 hat
rElec  .         Spirit   .     q - +0 cloak
SustAb .         Warding  .     (gloves unavailable)
rMut   .         NoTele   +     (boots unavailable)
Gourm  .                        O - amulet of clarity
MR     ++++.                    z - ring of Zaenoiph {-Tele rPois rN+ MR+}
                                p - ring of stealth

@: wreathed by umbra, very quick, incredibly resistant to hostile enchantments,
uncannily stealthy
A: unfitting armour, see invisible, herbivore 3, speed 3, slow metabolism 2
a: Shadow Step, Shadow Form, Renounce Religion
}: 1/15 runes: gossamer


You were on level 3 of the Vaults.
You worshipped Dithmenos.
Dithmenos was exalted by your worship.
You were not hungry.

You visited 7 branches of the dungeon, and saw 41 of its levels.
You also visited: Ossuary.

You collected 4206 gold pieces.
You spent 267 gold pieces at shops.

Inventory:

Hand weapons
 a - a +2 dagger of speed (weapon)
 b - a cursed +0 dagger of freezing
Armour
 q - a +0 cloak (worn)
 D - the -1 robe of Coxeu (worn) {Str+5 Dex+3}
   (You found it on level 8 of the Dungeon)

   It affects your strength (+5).
   It affects your dexterity (+3).
 I - a +1 hat (worn)
Magical devices
 g - a wand of heal wounds (8)
 s - a wand of invisibility (4)
 J - a wand of hasting (4)
 T - a wand of disintegration (13)
 U - a wand of heal wounds (5)
 W - a wand of digging (15)
Comestibles
 h - 25 bread rations
 o - 3 slices of pizza
 H - 6 royal jellies
Scrolls
 k - 15 scrolls of remove curse
 m - 5 scrolls of magic mapping
 r - 5 scrolls of fog
 v - 3 scrolls of blinking
 G - 13 scrolls of identify
 L - 14 scrolls of teleportation
 S - a scroll of fear
 Y - 2 scrolls of silence
Jewellery
 p - a ring of stealth (left hand)
 t - an uncursed amulet of guardian spirit {unknown}
 z - the ring of Zaenoiph (right hand) {-Tele rPois rN+ MR+}
   (You found it on level 13 of the Dungeon)

   [ring of poison resistance]

   It protects you from poison.
   It protects you from negative energy.
   It affects your resistance to hostile enchantments.
   It prevents most forms of teleportation.
 O - an amulet of clarity (around neck)
Potions
 c - a potion of brilliance
 d - a potion of invisibility
 e - 4 potions of heal wounds
 f - 3 potions of agility
 i - 5 potions of restore abilities
 l - 12 potions of curing
 n - a potion of flight
 u - 7 potions of haste
 x - a potion of lignification
 B - 2 potions of cure mutation
 Q - 4 potions of resistance
 R - 2 potions of magic
 X - a potion of cancellation
Books
 j - a book of Annihilations {highlevel, unknown}

   This book is beyond your current level of understanding.

   Spells                             Type                      Level
   Poison Arrow                       Conjuration/Poison           6
   Chain Lightning                    Conjuration/Air              8
   Lehudib's Crystal Spear            Conjuration/Earth            8
   Glaciate                           Conjuration/Ice              9
   Fire Storm                         Conjuration/Fire             9


   Skills:
 + Level 11.4 Fighting
 + Level 17.1 Short Blades
 - Level 14.0 Dodging
 + Level 24.8 Stealth
 - Level 12.6 Spellcasting
 + Level 14.1 Hexes
 * Level 13.0 Invocations
 + Level 10.3 Evocations


You had 30 spell levels left.
You knew the following spells:

 Your Spells              Type           Power        Failure   Level  Hunger
a - Blink                 Tloc           N/A          12%         2    None
b - Ensorcelled Hibernat  Hex/Ice        #####.       1%          2    None
c - Confuse               Hex            ######..     1%          3    None
d - Invisibility          Hex            ######..     3%          6    ######.


Dungeon Overview and Level Annotations

Branches:
Dungeon (15/15)            Temple (0/1) D:5             Orc (4/4) D:9
    Elf (2/3) Orc:3          Lair (8/8) D:11          Swamp (4/5) Lair:4
 Spider (5/5) Lair:5        Slime (0/6) Lair:8       Vaults (3/5) D:13
  Crypt (0/3) Vaults:3     Depths (0/5) D:15

Altars:
Ashenzari
Dithmenos
Elyvilon
Nemelex Xobeh
Okawaru
Qazlal
Trog
Vehumet
Xom
Yredelemnul
The Shining One
Jiyva

Shops:
D:7 (   Orc:4 }(?(   Elf:1 %   Elf:2 %   Vaults:1 :

Annotations:
Vaults:3 Sojobo


Innate Abilities, Weirdness & Mutations

You are tiny and cannot use many weapons and most armour.
You have supernaturally acute eyesight.
You are a herbivore.
You cover ground extremely quickly.
You need consume almost no food.


Message History

The helpless orc warrior fails to defend itself.
You skewer the orc warrior like a kebab!!!!!
You kill the orc warrior!
Dithmenos accepts your kill. The vault warden closely misses you.
Casting: Ensorcelled Hibernation
Confirm with . or Enter, or press ? or * to list all spells.
Aiming: Ensorcelled Hibernation
Press: ? - help, Shift-Dir - straight line, f - vault warden
Aim: a vault warden, wielding a great sword and wearing a chain mail (umbra)
The vault warden resists with almost no effort.
The yaktaur wields an arbalest.
The yaktaur shoots a bolt.
The bolt misses you. The vault warden closely misses you.
Items here: ))) [ a flail; a scale mail; a giant club; a giant club You hit the vault warden but do no damage.
Drink which item? (? for menu, Esc to quit)
Magic courses through your body.
The vault warden hits you with a great sword!!!
You die...

....C......'...'...#
#.p(#
##.........#...#####
#.).# .#..C.)....###+##
#...# .#.......).##...#
##p###
.#....C....##...#
#W###...#
.#...)(....##...#
#...'...#
.#....)(...####+##
#.?.#..p# .#([)).....#
#().# #...##'###
##........(# #.<@#
######...# .........(.#
#)cp######...p.).#
)....(.....#
###'##...'.p.#...#
#####......#
#...'p()#(..#####
....#%.)..(#
#...#...#####
....#......# #...#####
....#......# #####
...)#......#
....#......############


You could see a vault warden and a yaktaur.

Vanquished Creatures
  Saint Roka (Swamp:3)
  Norris (Vaults:2)
  2 tengu reavers (Vaults:3)
  Rupert (Spider:1)
  An ancient champion (Vaults:3)
  Frances (Elf:2)
  Kirke (Spider:1)
  3 thorn hunters
  Donald (Swamp:3)
  Maud (Spider:1)
  Aizul (Swamp:4)
  A deep elf sorcerer (Elf:1)
  3 emperor scorpions
  Gastronok (D:8)
  3 vault wardens
  Jorgrun (Spider:5)
  7 stone giants
  4 ghost moths (Spider:5)
  Snorg (Orc:1)
  A fire dragon (Lair:8)
  4 vault guards
  The ghost of hcnick the Spry, a powerful SpAK of Lugonu (Lair:3)
  Fannar (Lair:7)
  5 yaktaur captains
  2 ice dragons
  3 ironheart preservers
  9 centaur warriors
  Nessos (Elf:2)
  A great orb of eyes (Vaults:2)
  3 shambling mangroves
  10 hydras
  2 death yaks (Lair:8)
  A dancing weapon (Vaults:1)
  5 orc high priests (Orc:4)
  8 ogre magi
  10 alligators
  4 catoblepae
  3 spriggans
  5 deep elf knights
  A skeletal warrior (Vaults:3)
  8 orb spiders
  An unseen horror (D:14)
  A flayed ghost (Vaults:1)
  Erolcha (D:10)
  4 deep trolls
  6 swamp dragons
  3 deep elf summoners
  2 shadow wraiths
  Pikel (D:6)
  4 harpies (Vaults:2)
  2 giant orange brains
  A swamp dragon (shapeshifter) (Vaults:1)
  4 ironbrand convokers
  2 wizards
  14 red wasps
  5 orc sorcerers
  9 hill giants
  2 necromancers
  12 orc knights
  A phantasmal warrior (Vaults:2)
  A wolf spider zombie (D:15)
  An oklob plant (Lair:4)
  5 deep elf conjurers
  35 wolf spiders
  17 ugly things
  3 manticores
  4 cyclopes
  2 draconians (shapeshifter)
  A faun (shapeshifter) (Vaults:3)
  7 vault sentinels
  4 griffons
  2 moths of wrath (Spider:5)
  3 black mambas
  20 elephants
  A molten gargoyle (D:14)
  3 torpor snails
  A naga mage (D:15)
  4 centaur skeletons
  A queen ant (Spider:3)
  An iron devil (Elf:1)
  A gargoyle (D:9)
  Psyche (D:8)
  22 spiny frogs
  16 komodo dragons
  A kobold demonologist (Vaults:3)
  An efreet (D:15)
  24 yaktaurs
  5 demonic crawlers
  2 freezing wraiths
  8 fire drakes
  A polar bear (Lair:7)
  29 jumping spiders
  6 deep elf priests
  16 two-headed ogres
  Sonja (D:13)
  32 slime creatures
  A fire vortex (D:14)
  10 trolls
  7 blink frogs
  A trapdoor spider zombie (D:12)
  5 boulder beetles
  A snapping turtle (shapeshifter) (Elf:2)
  11 giant leeches
  3 baby alligators
  A slime creature (shapeshifter) (Vaults:3)
  58 redbacks
  5 basilisks
  50 yaks
  8 ravens
  2 shadows
  23 tarantellas
  15 trapdoor spiders
  17 deep elf magi
  27 humans
  3 wraiths
  3 wyverns
  A vampire (Vaults:3)
  A griffon skeleton (D:11)
  A hog (D:7)
  Eustachio (D:8)
  3 fire elementals (D:14)
  A water elemental (D:15)
  24 vampire mosquitoes
  3 golden eyes (shapeshifter)
  6 deep elf fighters
  2 steam dragons (Lair:8)
  10 hippogriffs
  A hill giant skeleton (D:13)
  13 wolves
  2 hungry ghosts
  14 porcupines
  9 soldier ants
  42 swamp worms
  5 wargs
  4 mottled dragons
  An ice beast (D:7)
  14 water moccasins
  17 spiders
  4 yellow wasps
  3 phantoms
  4 slaves
  8 swamp drakes
  58 orc warriors
  2 sky beasts
  A boring beetle (Lair:8)
  28 ogres
  3 necrophages
  9 centaurs
  Sigmund (D:3)
  4 boggarts (Vaults:2)
  20 crocodiles
  24 giant frogs
  Blork the orc (Orc:1)
  A water moccasin zombie (Ossuary)
  12 insubstantial wisps (Swamp:4)
  A troll zombie (D:8)
  A hippogriff zombie (D:9)
  6 scorpions
  3 wights (D:7)
  8 killer bees
  2 electric eels
  An eye of draining (shapeshifter) (Vaults:1)
  10 bog bodies
  A goliath beetle (D:11)
  4 crimson imps
  39 orc priests
  4 centaur zombies
  4 giant frog zombies
  2 jellies
  2 quasits
  Crazy Yiuf (D:3)
  9 hounds
  5 human zombies (D:13)
  14 iguanas
  A gnoll shaman (D:11)
  28 worker ants
  31 orc wizards
  2 cyclops simulacra (D:15)
  5 sheep
  A killer bee zombie (Ossuary)
  2 ogre zombies (Ossuary)
  Ijyb (D:3)
  Jessica (D:3)
  A big kobold zombie (Ossuary)
  An ogre skeleton (D:5)
  Terence (D:3)
  10 mummies
  A hound skeleton (D:11)
  16 adders
  4 gnolls
  A gnoll zombie (Ossuary)
  2 steam dragon zombies
  82 green rats
  5 shadow imps
  12 white imps
  2 giant mites
  8 worms
  7 ufetubi (Orc:4)
  An adder zombie (Ossuary)
  2 adder skeletons
  10 orc skeletons
  8 giant geckos
  An ooze (D:3)
  191 orcs
  5 giant cockroaches
  2 giant mite zombies (Ossuary)
  27 goblins
  23 hobgoblins
  8 jackals
  22 kobolds
  13 quokkas
  15 bats
  A giant gecko zombie (D:5)
  6 giant newts
  A goblin zombie (D:4)
  2 hobgoblin zombies (Ossuary)
  A jackal zombie (Ossuary)
  4 kobold zombies
  6 orc zombies
  19 rats
  2 rat zombies (Ossuary)
  A butterfly (Lair:3)
  2 plants (D:11)
1804 creatures vanquished.

Vanquished Creatures (others)
  A deep elf knight (Elf:1)
  A boggart (Vaults:2)
  3 fungi
  5 plants
10 creatures vanquished.

Grand Total: 1814 creatures vanquished

Notes
Turn   | Place    | Note
--------------------------------------------------------------
     0 | D:1      | kae, the Spriggan Enchanter, began the quest for the Orb.
     0 | D:1      | Reached XP level 1. HP: 9/9 MP: 4/4
   137 | D:1      | Reached XP level 2. HP: 7/13 MP: 7/7
   300 | D:1      | Learned a level 2 spell: Ensorcelled Hibernation
   674 | D:1      | Reached XP level 3. HP: 9/16 MP: 11/11
   679 | D:1      | Learned a level 3 spell: Confuse
   705 | D:1      | Reached skill level 5 in Stealth
  1197 | D:2      | Reached XP level 4. HP: 21/21 MP: 9/13
  1487 | D:2      | Found a bloodstained altar of Trog.
  1494 | D:2      | Found a white marble altar of Elyvilon.
  1499 | D:2      | Found a stormy altar of Qazlal.
  1506 | D:2      | Found a shimmering altar of Xom.
  1513 | D:2      | Found a radiant altar of Vehumet.
  1520 | D:2      | Found a shadowy altar of Dithmenos.
  1525 | D:2      | Found a sparkling altar of Nemelex Xobeh.
  1587 | D:2      | Became a worshipper of Dithmenos the Shadowed
  1859 | D:3      | Noticed an ice beast
  1903 | D:2      | HP: 1/21 [poisoned by an adder]
  2249 | D:3      | Reached skill level 6 in Stealth
  2586 | D:3      | Noticed Sigmund
  2624 | D:3      | Noticed Jessica
  2628 | D:3      | Killed Jessica
  2628 | D:3      | Reached XP level 5. HP: 24/24 MP: 16/16
  2797 | D:3      | Noticed Ijyb
  2866 | D:3      | Noticed Terence
  2999 | D:3      | Killed Ijyb
  3023 | D:3      | Killed Terence
  3107 | D:3      | Noticed Crazy Yiuf
  3113 | D:3      | Killed Crazy Yiuf
  3370 | D:3      | Killed Sigmund
  3370 | D:3      | Reached skill level 7 in Stealth
  3370 | D:3      | Reached skill level 5 in Hexes
  3370 | D:3      | Reached XP level 6. HP: 28/28 MP: 12/20
  4081 | D:4      | Reached skill level 8 in Stealth
  4081 | D:4      | Reached XP level 7. HP: 32/32 MP: 19/21
  4156 | D:4      | Acquired Dithmenos' first power
  4514 | D:4      | Reached skill level 5 in Short Blades
  4514 | D:4      | Reached skill level 5 in Spellcasting
  4746 | D:4      | Noticed a hungry ghost
  4764 | D:4      | Killed a hungry ghost
  4764 | D:4      | Reached skill level 9 in Stealth
  5171 | D:5      | Entered Level 5 of the Dungeon
  5427 | D:5      | Acquired Dithmenos' second power
  5534 | D:5      | Found a staircase to the Ecumenical Temple.
  5862 | D:5      | Reached XP level 8. HP: 36/36 MP: 15/24
  6236 | D:6      | Found a shimmering altar of Xom.
  6249 | D:6      | Noticed Pikel
  6404 | D:6      | Killed Pikel
  6404 | D:6      | Reached skill level 10 in Stealth
  6618 | D:6      | Found a sand-covered staircase.
  6636 | Ossuary  | Entered an ossuary
  6881 | Ossuary  | Reached skill level 11 in Stealth
  7426 | Ossuary  | Reached XP level 9. HP: 14/39 MP: 18/27
  7666 | Ossuary  | Acquired Dithmenos' third power
  8598 | D:7      | Reached skill level 12 in Stealth
  8940 | D:7      | Reached skill level 13 in Stealth
  9273 | D:7      | Found Gauxux's Weapon Boutique.
  9493 | D:8      | Noticed Eustachio
  9498 | D:8      | Killed Eustachio
  9567 | D:8      | Reached XP level 10. HP: 44/44 MP: 29/29
  9677 | D:8      | Got a heavily jewelled robe
  9688 | D:8      | Identified the cursed -1 robe of Coxeu {Str+5 Dex+3} (You found it on level 8 of the Dungeon)
 10027 | D:8      | Noticed Gastronok
 10066 | D:9      | Found a shattered altar of Ashenzari.
 10778 | D:9      | Reached skill level 14 in Stealth
 10997 | D:9      | Found a staircase to the Orcish Mines.
 11160 | D:9      | Reached skill level 10 in Short Blades
 11523 | D:9      | Found a glowing golden altar of the Shining One.
 11619 | D:8      | Killed Gastronok
 11619 | D:8      | Reached skill level 15 in Stealth
 11619 | D:8      | Reached XP level 11. HP: 20/47 MP: 11/31
 11808 | D:8      | Noticed Psyche
 12140 | D:8      | Killed Psyche
 12189 | D:10     | Entered Level 10 of the Dungeon
 12227 | D:10     | Noticed Erolcha
 12229 | D:10     | Killed Erolcha
 13748 | D:11     | Found a staircase to the Lair.
 13765 | D:11     | Reached skill level 16 in Stealth
 14393 | D:12     | Noticed a hill giant
 14524 | D:12     | Reached skill level 1 in Fighting
 14634 | D:12     | Acquired Dithmenos' fourth power
 15402 | D:11     | Reached skill level 5 in Dodging
 15630 | D:11     | Identified a scroll of acquirement
 15631 | D:11     | Identified the Papyrus of Assistive Curses (You acquired it on level 11 of the Dungeon)
 15637 | Lair:1   | Entered Level 1 of the Lair of Beasts
 15870 | Lair:1   | Noticed a five-headed hydra
 15877 | Lair:1   | Killed a five-headed hydra
 15895 | Lair:1   | Reached XP level 12. HP: 56/56 MP: 33/33
 16175 | Lair:1   | Reached skill level 10 in Spellcasting
 17169 | Lair:2   | Reached skill level 10 in Hexes
 17885 | Lair:3   | Found a basalt altar of Yredelemnul.
 18233 | Lair:3   | Reached skill level 17 in Stealth
 18282 | Lair:3   | Noticed hcnick's ghost (powerful SpAK)
 18455 | Lair:3   | Killed hcnick's ghost
 19956 | Lair:4   | Found a staircase to the Swamp.
 19971 | Lair:4   | Reached XP level 13. HP: 54/63 MP: 29/34
 20345 | Lair:5   | Reached skill level 5 in Fighting
 20805 | Lair:5   | Found a hole to the Spider Nest.
 21206 | Lair:5   | Reached skill level 10 in Dodging
 24101 | Lair:7   | Reached XP level 14. HP: 40/70 MP: 12/36
 24272 | Lair:7   | Noticed Fannar
 24293 | Lair:7   | Killed Fannar
 24614 | Lair:8   | Entered Level 8 of the Lair of Beasts
 24997 | Lair:8   | Reached skill level 18 in Stealth
 25294 | Lair:8   | Found a viscous altar of Jiyva.
 25294 | Lair:8   | Found a staircase to the Slime Pits.
 26194 | D:12     | Killed a hill giant
 26219 | D:13     | Noticed Sonja
 26222 | D:13     | Killed Sonja
 27334 | D:13     | Found a gate to the Vaults.
 27373 | D:13     | Got a smoking granite ring
 27456 | D:13     | Learned a level 2 spell: Blink
 27975 | D:14     | Reached XP level 15. HP: 77/77 MP: 22/37
 28307 | D:14     | Found an iron altar of Okawaru.
 28804 | D:15     | Entered Level 15 of the Dungeon
 29250 | D:15     | Found a staircase to the Depths.
 29501 | D:15     | Reached skill level 15 in Short Blades
 29946 | Orc:1    | Entered Level 1 of the Orcish Mines
 30900 | Orc:1    | Noticed Blork the orc
 30907 | Orc:1    | Killed Blork the orc
 30941 | Orc:1    | Noticed Snorg
 30954 | Orc:1    | Killed Snorg
 31094 | Orc:3    | Found a staircase to the Elven Halls.
 31220 | Orc:3    | Reached skill level 1 in Invocations
 31954 | Orc:2    | Found a bloodstained altar of Trog.
 32025 | Orc:4    | Entered Level 4 of the Orcish Mines
 32877 | Orc:4    | Reached skill level 19 in Stealth
 33866 | Orc:4    | Found Fiugogg's Antique Weapon Boutique.
 34010 | Orc:4    | Found Robatuys' Antique Weapon Boutique.
 34010 | Orc:4    | Found Kliwat's Gadget Boutique.
 34011 | Orc:4    | Found Blairaeses' Magic Scroll Shop.
 34134 | D:9      | Identified the ring of Zaenoiph {-Tele rPois rN+ MR+} (You found it on level 13 of the Dungeon)
 34362 | Spider:1 | Entered Level 1 of the Spider Nest
 34384 | Spider:1 | Noticed Kirke
 34386 | Spider:1 | Killed Kirke
 34802 | Spider:1 | Noticed Rupert
 34804 | Spider:1 | Killed Rupert
 35023 | Spider:1 | Reached skill level 20 in Stealth
 35127 | Spider:1 | Got a shimmering silver ring
 35225 | Spider:1 | Reached skill level 5 in Invocations
 35324 | Spider:1 | Noticed Maud
 35328 | Spider:1 | Killed Maud
 35778 | Spider:1 | Reached XP level 16. HP: 37/84 MP: 25/38
 36072 | Spider:2 | Found a frozen archway.
 36349 | Spider:2 | HP: 3/84 [wolf spider (13)]
 36762 | Spider:2 | HP: 3/84 [trapdoor spider (18)]
 38836 | Spider:4 | Identified the Handbook of Companions
 39631 | Spider:4 | Identified the Papyrus of Confrontation and Fire
 40093 | Lair:2   | Identified the ring of Trofin {Ice rElec Stlth-} (You found it on level 1 of the Spider Nest)
 40192 | Swamp:1  | Entered Level 1 of the Swamp
 40762 | Swamp:1  | Reached skill level 21 in Stealth
 42313 | Swamp:2  | Reached skill level 1 in Evocations
 42417 | Swamp:2  | Reached skill level 10 in Fighting
 44271 | Swamp:3  | Reached XP level 17. HP: 71/89 MP: 36/39
 44499 | Swamp:3  | Noticed Donald
 44501 | Swamp:3  | Killed Donald
 44647 | Swamp:4  | Noticed a tentacled monstrosity
 44713 | Swamp:4  | Noticed Saint Roka
 44819 | Swamp:4  | Noticed Aizul
 44822 | Swamp:4  | Killed Aizul
 45370 | Swamp:3  | Killed Saint Roka
 45370 | Swamp:3  | Reached skill level 22 in Stealth
 45370 | Swamp:3  | Reached skill level 5 in Evocations
 47715 | Elf:1    | Entered Level 1 of the Elven Halls
 47977 | Elf:1    | Learned a level 6 spell: Invisibility
 48081 | Elf:1    | Found Utzeoci's Food Shoppe.
 48220 | Elf:1    | Reached skill level 10 in Invocations
 48406 | Elf:1    | Bought 3 fruits for 54 gold pieces
 48406 | Elf:1    | Bought a bread ration for 60 gold pieces
 48406 | Elf:1    | Bought 5 fruits for 90 gold pieces
 49469 | Elf:2    | Noticed Frances
 49473 | Elf:2    | Killed Frances
 49583 | Elf:2    | Found Grariep's Food Emporium.
 49592 | Elf:2    | Bought 3 fruits for 63 gold pieces
 49720 | Elf:2    | Noticed Nessos
 49788 | Elf:2    | Killed Nessos
 51161 | Spider:5 | Entered Level 5 of the Spider Nest
 51767 | Spider:5 | Noticed Jorgrun
 52100 | Spider:5 | Killed Jorgrun
 52832 | Spider:5 | Reached skill level 23 in Stealth
 53844 | Spider:5 | Reached XP level 18. HP: 95/95 MP: 31/39
 53888 | Spider:5 | Got a gossamer rune of Zot
 54599 | Vaults:1 | Entered Level 1 of the Vaults
 55920 | Vaults:1 | Found Klelucsi's Book Shop.
 56728 | Vaults:2 | Reached skill level 24 in Stealth
 58690 | Vaults:2 | Noticed Norris
 58693 | Vaults:2 | Killed Norris
 59104 | Vaults:2 | HP: 3/96 [ogre mage/fireball[a boggart] (32)]
 59921 | Vaults:1 | Reached XP level 19. HP: 62/100 MP: 29/40
 61098 | Vaults:3 | Noticed Sojobo
 61155 | Vaults:3 | Found a staircase to the Crypt.
 62356 | Vaults:3 | Reached skill level 10 in Evocations
 63582 | Vaults:3 | Mangled by a vault warden

Action                   |  1- 3 |  4- 6 |  7- 9 | 10-12 | 13-15 | 16-18 | 19-21 || total
-------------------------+-------+-------+-------+-------+-------+-------+-------++-------
Melee: Dagger            |   133 |   139 |   428 |   746 |  1371 |  1293 |   237 ||  4347
 Cast: Ensorcelled Hiber |     9 |    72 |    98 |   258 |   486 |   657 |   146 ||  1726
       Confuse           |       |     2 |    49 |    37 |    55 |   219 |    49 ||   411
       Corona            |       |       |       |       |     4 |       |       ||     4
       Invisibility      |       |       |       |       |       |    10 |       ||    10
Invok: Shadow Step       |       |       |     6 |    10 |    24 |    26 |     2 ||    68
       Shadow Form       |       |       |       |       |       |     1 |       ||     1
Evoke: Wand              |       |       |     3 |     2 |     3 |    11 |       ||    19
  Use: Potion            |       |     1 |     1 |       |     3 |    13 |     1 ||    19
       Scroll            |       |       |    19 |    14 |    14 |    12 |       ||    59
 Stab: Sleeping          |    20 |    42 |   100 |   238 |   476 |   462 |    70 ||  1408
       Confused          |       |     3 |    31 |    17 |    31 |    60 |    14 ||   156
       Distracted        |       |     1 |     3 |     4 |    19 |    10 |     2 ||    39
       Petrified         |       |       |       |       |     1 |       |       ||     1
       Invisible         |       |       |       |       |    22 |    22 |       ||    44
  Eat: Bread ration      |       |       |     1 |       |       |     1 |       ||     2
       Fruit             |       |       |     3 |       |    14 |    19 |     3 ||    39
       Pizza             |       |       |       |     6 |     1 |     5 |       ||    12
